AoeStats
← Mopatop's shop

Lombardia

508484144Analyzed
3v3 RM · 9d ago on Sep 22, 2026· 46m 42s· 6 players
Game mode
Random Map
Map size
Normal (6 player)
Population
200
Speed
Normal
Resources
Standard
Victory
Conquest
Starting age
Dark Age
Ending age
Imperial Age
RankedLock teamsTeams togetherTeam positionsShared explorationLock speedFull tech treeHidden civsTurbo modeCheats
Victory
Defeat
🇸🇪 Mongols · Sweden
1060
+15
🇦🇷 Franks · Argentina
990
+51
🇸🇪 Varangians · Sweden
963
+19
🇬🇧 Byzantines · United Kingdom
1080
-19
🇬🇧 Varangians · United Kingdom
1048
-18
🇬🇧 Vietnamese · United Kingdom
986
-15
BOB ESPONJA
0:28 Loom
11:21 Feudal Age
12:20 Double-Bit Axe
17:38 Wheelbarrow
20:01 Castle Age
20:16 Gold Mining
20:17 Stone Mining
23:14 Bow Saw
23:34 Pikeman
24:19 Scale Mail Armor
25:35 Chain Mail Armor
26:26 Forging
28:25 Iron Casting
29:34 Hand Cart
29:07 Town Watch
30:19 Scale Barding Armor
31:22 Town Patrol
32:24 Gold Shaft Mining
36:31 Imperial Age
33:54 Gambesons
34:09 Squires
33:55 Arson
34:35 Chain Barding Armor
36:21 Husbandry
37:41 Cavalier
38:27 Chivalry
39:33 Blast Furnace
39:03 Plate Mail Armor
39:09 Plate Barding Armor
39:06 Paladin
40:24 Conscription
43:14 Light Cavalry
AnzPriz
8:11 Loom
10:20 Feudal Age
12:07 Double-Bit Axe
15:24 Castle Age
13:39 Horse Collar
16:49 Wheelbarrow
17:27 Bow Saw
22:26 Heavy Plow
24:19 Scale Barding Armor
24:25 Forging
25:00 Bloodlines
24:50 Husbandry
25:53 Chain Barding Armor
26:57 Fervor
26:45 Light Cavalry
28:05 Iron Casting
28:11 Stone Mining
28:12 Gold Mining
28:42 Hand Cart
28:56 Padded Archer Armor
33:44 Stone Shaft Mining
33:44 Gold Shaft Mining
38:56 Imperial Age
36:39 Caravan
40:29 Conscription
39:30 Elite Mangudai
39:38 Heavy Camel Rider
40:58 Hussar
43:32 Ballistics
43:08 Murder Holes
43:24 Fortified Wall
44:15 Chemistry
44:18 Blast Furnace
43:34 Leather Archer Armor
43:32 Capped Ram
Sämstsson
12:05 Feudal Age
16:23 Castle Age
14:46 Double-Bit Axe
14:42 Horse Collar
18:42 Stone Mining
20:09 Bow Saw
24:13 Forging
24:49 Loom
26:14 Iron Casting
25:39 Scale Mail Armor
25:39 Gold Mining
27:27 Wheelbarrow
30:25 Squires
29:58 Man-at-Arms
35:48 Imperial Age
33:50 Heavy Plow
36:10 Elite Varangian Guard
37:11 Gothikon
40:59 Blast Furnace
39:54 Pikeman
41:21 Halberdier
42:37 Chain Mail Armor
drweir4
7:45 Loom
10:39 Feudal Age
11:15 Double-Bit Axe
13:41 Horse Collar
13:41 Man-at-Arms
19:13 Castle Age
20:57 Bow Saw
22:12 Heavy Plow
22:58 Wheelbarrow
22:47 Fletching
23:56 Gambesons
24:11 Bodkin Arrow
25:31 Scale Barding Armor
26:33 Husbandry
26:59 Forging
28:31 Hand Cart
32:28 Imperial Age
31:13 Murder Holes
31:31 Devotion
31:55 Ballistics
31:21 Treadmill Crane
32:20 Chain Barding Armor
32:24 Gold Mining
32:25 Stone Mining
33:36 Iron Casting
33:40 Conscription
34:13 Gold Shaft Mining
34:14 Stone Shaft Mining
34:42 Two-Man Saw
34:24 Crop Rotation
35:10 Logistica
36:19 Plate Barding Armor
37:28 Chemistry
37:55 Hoardings
38:57 Bracer
38:30 Elite Cataphract
42:54 Scale Mail Armor
43:51 Sanctity
JBizzle
8:38 Loom
11:27 Feudal Age
12:00 Double-Bit Axe
11:58 Horse Collar
13:43 Wheelbarrow
19:07 Castle Age
18:44 Bloodlines
18:45 Scale Barding Armor
18:51 Forging
21:14 Husbandry
21:12 Gold Mining
24:28 Chain Barding Armor
25:29 Iron Casting
26:14 Bow Saw
26:31 Light Cavalry
28:36 Heavy Plow
34:52 Imperial Age
32:39 Hand Cart
32:44 Fletching
33:24 Bodkin Arrow
38:51 Cavalier
42:01 Blast Furnace
42:30 Plate Barding Armor
Mopatop's shop
9:01 Loom
11:49 Feudal Age
12:49 Double-Bit Axe
12:49 Horse Collar
16:31 Gold Mining
21:43 Castle Age
20:10 Fletching
20:22 Padded Archer Armor
23:10 Bow Saw
22:52 Stone Mining
22:37 Crossbowman
25:36 Bodkin Arrow
26:23 Wheelbarrow
28:05 Leather Archer Armor
30:04 Town Watch
31:56 Thumb Ring
39:02 Imperial Age
41:24 Chemistry
41:09 Ring Archer Armor
42:57 Chatras
Connection lost

Rejoining the realm…

Still unreachable

The connection could not be restored.

Session expired

The server has moved on; the page needs a fresh start.